Map: Dusk Towers

Players

ShoWTimE

  • Race: Protoss Protoss
  • League: Master

MarineLorD - Winner!

  • Race: Terran Terran
  • League: Master

Event: DreamHack ZOWIE Open Leipzig

VOD

https://www.youtube.com/watch?v=l75ge7qN4go

Description

Time

  • Played on: Jan. 22, 2016, 11:18 a.m.
  • Length: 23:06

All games in this series

Show
View Real Time Build Order
Export as new Build Order

ShoWTimE Protoss 

Build Orders: 1 Gate Expand, Oracle Opening 

Get SALT Encoding   

  12  0:00  Probe (Chrono Boost)  
  13  0:11  Probe (Chrono Boost)  
  14  0:18  Pylon  
  14  0:22  Probe (Chrono Boost)  
  15  0:36  Gateway, Probe (Chrono Boost)  
  15  0:41  Assimilator  
  16  0:47  Probe (Chrono Boost)  
  17  0:57  Probe (Chrono Boost)  
  18  1:08  Probe (Chrono Boost)  
  19  1:22  Nexus  
  19  1:31  Cybernetics Core  
  19  1:35  Probe (Chrono Boost)  
  20  1:40  Assimilator  
  20  1:45  Probe (Chrono Boost)  
  21  1:50  Pylon  
  21  1:56  Probe (Chrono Boost)  
  24  2:08  Adept  
  24  2:09  Mothership Core (Chrono Boost)  
  24  2:13  Warp Gate  
  26  2:27  Probe (Chrono Boost)  
  27  2:34  Probe (Chrono Boost)  
  27  2:36  Adept  
  30  2:37  Probe (Chrono Boost)  
  31  2:45  Probe (Chrono Boost)  
  31  2:47  Stargate  
  31  2:48  Probe (Chrono Boost)  
  33  2:55  Probe (Chrono Boost)  
  34  2:58  Probe (Chrono Boost)  
  34  3:03  Adept  
  37  3:05  Pylon  
  37  3:06  Probe (Chrono Boost)  
  37  3:09  Probe (Chrono Boost)  
  39  3:16  Probe (Chrono Boost)  
  41  3:20  Probe (Chrono Boost)  
  41  3:26  Probe (Chrono Boost)  
  41  3:30  Probe (Chrono Boost)  
  41  3:32  Oracle (Chrono Boost)  
  46  3:35  Adept  
  46  3:36  Probe  
  49  3:41  Probe  
  49  3:47  Probe, Nexus  
  50  3:55  Probe, Pylon  
  52  3:58  Probe  
  53  4:07  Probe  
  54  4:12  Probe, Pylon  
  54  4:14  Pylon  
  54  4:16  Phoenix (Chrono Boost)  
  57  4:19  Probe  
  57  4:23  Twilight Council  
  57  4:24  Probe  
  58  4:25  Forge  
  59  4:31  Probe  
  59  4:33  Assimilator  
  59  4:34  Probe, Assimilator  
  61  4:43  Probe  
  61  4:45  Probe  
  62  4:46  Gateway  
  62  4:49  Gateway  
  62  4:51  Pylon  
  63  4:55  Probe x2  
  65  5:01  Blink (Chrono Boost)  
  65  5:03  Probe, Protoss Ground Weapons Level 1  
  65  5:06  Probe  
  66  5:07  Probe  
  66  5:13  Probe  
  68  5:16  Probe  
  68  5:20  Probe  
  71  5:21  Pylon  
  71  5:24  Probe  
  71  5:27  Probe  
  71  5:32  Probe, Pylon  
  71  5:34  Photon Cannon  
  71  5:35  Probe  
  73  5:36  Pylon  
  73  5:37  Probe  
  75  5:44  Probe  
  75  5:45  Probe  
  75  5:47  Gateway, Pylon  
  75  5:48  Probe  
  78  5:53  Gateway  
  78  5:56  Probe x2  
  78  6:02  Robotics Facility  
  78  6:03  Gateway, Probe  
  79  6:06  Sentry, Gateway  
  79  6:07  Probe  
  79  6:08  Probe  
  84  6:16  Gateway  
  84  6:20  Stalker x2  
  88  6:26  Pylon, Assimilator  
  88  6:31  Assimilator  
  88  6:34  Stalker  
  84  6:45  Pylon  
  84  6:46  Stalker x2  
  81  6:57  Stalker x2  
  81  6:58  Stalker  
  71  7:07  Probe  
  72  7:08  Probe  
  72  7:13  Stalker  
  72  7:14  Stalker x2, Resonating Glaives (Chrono Boost), Warp Prism (Chrono Boost)  
  72  7:15  Probe, Protoss Ground Weapons Level 2  
  76  7:17  Probe  
  76  7:20  Probe  
  79  7:25  Probe  
  79  7:26  Templar Archives  
  79  7:28  Probe  
  81  7:30  Pylon  
  81  7:32  Probe  
  81  7:34  Pylon  
  81  7:36  Pylon  
  82  7:37  Probe  
  82  7:38  Pylon  
  82  7:40  Probe  
  84  7:44  Probe  
  84  7:46  Sentry x3, Adept x3  
  84  7:49  Probe  
  98  7:52  Probe  
  98  7:53  Psionic Storm  
  98  7:54  Adept  
  98  7:57  Probe  
  106  8:00  Observer (Chrono Boost)  
  106  8:02  Probe  
  104  8:08  High Templar x2  
  108  8:13  Pylon, High Templar  
  108  8:16  Pylon  
  108  8:19  Pylon  
  110  8:20  Adept  
  110  8:22  High Templar  
  110  8:25  Pylon  
  110  8:26  Nexus  
  114  8:28  Pylon  
  114  8:29  Pylon  
  114  8:32  Immortal (Chrono Boost)  
  118  8:38  Photon Cannon  
  118  8:39  High Templar, Photon Cannon  
  118  8:40  Adept x2  
  124  8:44  Adept x2  
  128  9:08  Fleet Beacon  
  128  9:09  Adept x2  
  130  9:10  Adept, Stargate  
  130  9:14  Warp Prism (Chrono Boost)  
  124  9:20  Adept x4  
  124  9:21  Adept  
  127  9:27  Mothership Core  
  127  9:30  Stalker  
  127  9:35  Probe x2  
  127  9:38  Stalker  
  127  9:43  Probe  
  112  9:47  Probe x2  
  112  9:48  Probe  
  113  9:53  Probe, Pylon  
  113  9:54  Tempest (Chrono Boost)  
  113  9:57  Pylon  
  113  9:59  Probe  
  119  10:05  Adept  
  125  10:11  Tempest (Chrono Boost)  
  125  10:28  Observer  
  125  10:29  Probe x2  
  125  10:30  Probe  
  125  10:32  Tempest (Chrono Boost)  
  130  10:37  Adept  
  130  10:38  Adept x3  
  138  10:47  Adept x3  
  138  10:48  Adept  
  151  10:50  Probe  
  151  10:53  Tempest (Chrono Boost)  
  147  11:07  Probe x2  
  147  11:09  Tempest (Chrono Boost)  
  145  11:19  Probe  
  145  11:25  Adept x2  
  150  11:34  Protoss Ground Armor Level 1 (Chrono Boost)  
  150  11:36  Tempest (Chrono Boost), Photon Cannon  
  150  11:37  Nexus, High Templar x2  
  154  11:40  Pylon x2  
  154  11:55  Pylon x2  
  154  11:56  Tempest (Chrono Boost)  
  158  12:10  Probe  
  158  12:11  Probe  
  158  12:12  Tempest (Chrono Boost)  
  158  12:17  Photon Cannon  
  158  12:18  Assimilator  
  154  12:24  Assimilator  
  154  12:28  Protoss Air Weapons Level 1 (Chrono Boost)  
  154  12:30  High Templar  
  154  12:31  Immortal  
  154  12:32  Adept  
  154  12:33  Adept x3  
  168  12:37  Pylon  
  168  12:48  Tempest  
  172  13:04  Dark Shrine  
  172  13:08  Forge  
  172  13:09  Probe, Photon Cannon  
  172  13:10  Probe, Observer, Photon Cannon  
  172  13:11  Photon Cannon  
  167  13:20  Protoss Ground Armor Level 2  
  167  13:23  High Templar  
  167  13:24  High Templar x2  
  167  13:25  Photon Cannon  
  167  13:26  Pylon  
  171  13:31  Oracle  
  174  13:34  Warp Prism  
  176  13:43  Photon Cannon  
  176  13:46  Pylon  
  176  13:48  Protoss Ground Weapons Level 3  
  170  14:17  Dark Templar x2, Adept  
  170  14:18  Adept x3  
  170  14:22  Immortal  
  179  14:26  Pylon  
  176  14:32  Adept  
  170  14:40  Dark Templar x2, Adept  
  165  14:51  Dark Templar, Adept  
  165  14:52  Adept  
  170  14:56  Probe  
  170  14:58  Probe x2  
  169  15:00  High Templar  
  162  15:23  Photon Cannon  
  162  15:24  High Templar x2  
  166  15:32  Archon  
  163  15:37  Stalker  
  163  15:38  Stalker x2  
  165  15:50  Oracle  
  165  15:53  Nexus  
  165  15:56  Warp Prism  
  170  15:59  Dark Templar  
  172  16:05  Pylon  
  172  16:13  Pylon  
  172  16:20  Pylon, High Templar  
  174  16:32  Adept x3, Observer  
  179  16:33  Adept x3  
  178  16:54  Stalker  
  178  16:55  Stalker x2  
  169  17:12  Adept x3  
  169  17:15  Oracle  
  175  17:37  Stalker x3  
  175  17:38  Stalker x2  
  175  17:39  Stalker, Zealot  
  175  17:40  Pylon  
  188  17:58  Photon Cannon  
  166  18:16  Nexus  
  166  18:18  High Templar x4  
  174  18:20  Zealot x3  
  180  18:35  Protoss Ground Armor Level 3  
  180  18:40  Photon Cannon  
  180  18:41  Photon Cannon  
  180  18:43  Zealot, Photon Cannon  
  180  18:46  Pylon  
  182  18:56  Zealot x2  
  180  19:12  Stalker x4  
  168  19:26  Nexus  
  168  19:38  Dark Templar  
  168  19:39  Dark Templar, Zealot  
  170  19:45  Observer  
  170  20:01  Pylon  
  170  20:03  High Templar x2  
  175  20:07  Observer  
  175  20:11  Archon  
  164  20:23  Adept, High Templar  
  164  20:24  Adept x2  
  157  20:50  Adept x3  
  153  21:14  Dark Templar x2  
  80  23:01  Adept x6  
  80  23:02  Adept  
  80  23:05  Archon  
Show
View Real Time Build Order
Export as new Build Order

MarineLorD Terran - Winner!

Build Orders: Reaper Expand, MMM Bio 

Get SALT Encoding   

  12  0:00  SCV  
  13  0:12  SCV  
  14  0:18  Supply Depot  
  14  0:24  SCV  
  15  0:39  SCV  
  15  0:41  Barracks  
  16  0:45  Refinery  
  16  0:51  SCV  
  17  1:03  SCV  
  18  1:15  SCV  
  19  1:28  Orbital Command  
  19  1:29  Reaper  
  20  1:41  Command Center  
  20  1:52  Barracks  
  20  1:55  SCV  
  20  2:01  Barracks Reactor  
  21  2:07  SCV  
  22  2:11  Supply Depot  
  22  2:19  SCV  
  23  2:28  Factory  
  23  2:32  SCV  
  24  2:37  Marine x2  
  24  2:39  Marine  
  27  2:44  SCV  
  27  2:45  Refinery  
  28  2:53  Orbital Command  
  28  2:57  SCV  
  29  2:59  Marine x2  
  29  3:01  Marine  
  32  3:09  SCV  
  33  3:13  Starport  
  33  3:15  Widow Mine  
  33  3:19  Marine x2  
  36  3:22  SCV  
  36  3:25  Marine  
  39  3:28  SCV  
  40  3:34  SCV, Supply Depot  
  40  3:39  Marine x2  
  40  3:40  SCV  
  44  3:46  SCV  
  45  3:53  Barracks Tech Lab  
  45  3:55  SCV, Widow Mine  
  46  3:56  Medivac  
  46  3:57  Supply Depot  
  46  4:01  SCV, Supply Depot  
  51  4:06  Marine x2  
  51  4:07  SCV  
  53  4:11  Marine  
  53  4:14  Stimpack  
  54  4:18  SCV  
  54  4:19  SCV  
  54  4:23  Supply Depot  
  56  4:24  Supply Depot  
  56  4:30  SCV, Marine x2  
  56  4:31  SCV, Marine  
  60  4:32  Factory Reactor  
  61  4:42  Medivac  
  61  4:43  SCV x2  
  65  4:47  Refinery  
  65  4:48  Marine x2  
  65  4:49  Marine  
  68  4:55  SCV x2  
  68  4:59  Command Center  
  70  5:03  Supply Depot  
  71  5:07  SCV x2  
  71  5:08  Engineering Bay  
  71  5:09  Marine  
  71  5:11  Marine x2  
  74  5:20  SCV  
  75  5:22  SCV  
  75  5:24  Medivac  
  75  5:25  Medivac  
  75  5:27  Marine  
  81  5:29  Marine x2  
  81  5:32  SCV  
  81  5:34  Missile Turret  
  84  5:37  Missile Turret  
  84  5:38  Terran Infantry Weapons Level 1  
  82  5:46  Refinery  
  82  5:48  Barracks  
  82  5:49  Marine x2  
  84  5:52  Marauder  
  84  5:53  Factory Tech Lab  
  84  5:54  SCV x2  
  86  6:06  SCV  
  86  6:09  Marine x2  
  89  6:13  SCV, Marauder  
  89  6:15  Combat Shields  
  89  6:17  Factory Reactor  
  92  6:18  SCV  
  92  6:19  Orbital Command  
  93  6:26  SCV  
  93  6:28  Liberator x2, Marine  
  93  6:30  SCV  
  95  6:35  Marauder  
  95  6:39  SCV  
  90  6:43  SCV  
  95  6:49  Marine x2  
  95  6:50  SCV  
  95  6:51  SCV  
  95  6:55  SCV  
  95  6:56  Marauder  
  97  7:03  SCV x2, Marauder  
  97  7:07  SCV  
  100  7:11  Liberator x2, Marine x2  
  100  7:15  SCV  
  98  7:17  Orbital Command  
  98  7:18  Marauder  
  98  7:19  SCV  
  96  7:23  Widow Mine  
  96  7:24  Widow Mine  
  96  7:25  Barracks x2  
  96  7:26  Starport  
  96  7:27  SCV  
  107  7:32  Terran Infantry Armor Level 1, Marauder  
  107  7:36  Refinery  
  109  7:39  Supply Depot  
  109  7:40  Refinery  
  109  7:41  SCV, Supply Depot x2, Marine  
  109  7:42  Supply Depot  
  109  7:43  Marine  
  112  7:45  SCV  
  112  7:49  Marauder  
  114  7:53  Marine  
  115  7:58  Liberator  
  115  8:00  SCV  
  115  8:01  SCV x2, Liberator  
  115  8:03  Marine  
  115  8:04  Supply Depot  
  119  8:07  Supply Depot, Marine  
  119  8:08  Supply Depot  
  119  8:10  Missile Turret, Marauder  
  122  8:13  Widow Mine x2, Starport Reactor  
  122  8:14  Barracks Reactor, Barracks Tech Lab  
  122  8:19  Marauder  
  134  8:27  Marine  
  134  8:31  Missile Turret  
  134  8:32  Marauder  
  134  8:33  Liberator x2  
  137  8:36  Marine  
  137  8:37  Armory  
  137  8:38  Engineering Bay  
  137  8:40  Marauder  
  137  8:41  Marauder  
  142  8:45  Supply Depot, Marine  
  143  8:49  Widow Mine x2  
  143  8:52  Marine x2  
  155  8:57  Marine  
  155  9:01  Marauder  
  155  9:02  Marauder  
  156  9:03  Marine  
  156  9:05  Marine  
  151  9:11  Marine, Marauder  
  153  9:18  Marine  
  153  9:20  Marine  
  153  9:22  Marine, Marauder  
  153  9:24  Marauder  
  159  9:29  Marine  
  159  9:30  Terran Infantry Weapons Level 2  
  159  9:32  Marauder  
  159  9:33  Liberator  
  159  9:35  Marine  
  159  9:36  Liberator x2  
  157  9:38  Marine  
  157  9:40  Marine  
  157  9:44  Marauder  
  157  9:45  Marauder  
  155  9:47  Marine  
  154  9:53  Marine  
  154  9:54  Terran Ship Weapons Level 1, Marauder  
  154  9:56  Marine, Terran Infantry Armor Level 2  
  154  9:58  Marine  
  165  10:00  Command Center  
  165  10:04  Marine  
  165  10:05  Marine  
  165  10:06  Marine  
  168  10:09  Missile Turret  
  168  10:11  Marine  
  169  10:14  Marine  
  169  10:15  Marauder  
  169  10:20  Marine  
  170  10:23  Marauder, Marine  
  170  10:24  Marauder  
  170  10:27  Ghost Academy  
  171  10:33  Marine  
  174  10:36  Marauder  
  174  10:41  Marine  
  174  10:44  Marauder  
  174  10:45  Marauder  
  174  10:46  Concussive Shells  
  179  10:51  Viking x4  
  169  10:58  Marauder  
  169  11:00  Marine x2  
  167  11:05  Marine x2  
  167  11:06  Marauder  
  167  11:11  Marauder  
  165  11:17  Marine x2  
  161  11:19  Marine  
  161  11:21  Viking x4  
  161  11:23  Marine x2  
  159  11:27  Marauder  
  161  11:37  Marauder, Marine  
  161  11:39  Marine  
  165  11:50  Viking  
  165  11:51  Viking  
  165  11:52  Marauder  
  165  11:53  Marine  
  165  11:54  Marauder  
  173  11:57  Marine  
  173  11:59  Marine, Marauder  
  168  12:06  Planetary Fortress  
  165  12:10  Marine  
  165  12:11  Marine  
  165  12:15  SCV, Marine  
  171  12:16  SCV x2  
  175  12:25  Viking x2  
  175  12:28  SCV  
  172  12:36  Sensor Tower x2  
  172  12:38  Medivac  
  174  12:45  Marauder, Marine x2  
  174  12:47  SCV x2  
  174  12:51  SCV  
  181  12:54  Marine, Marauder  
  182  13:00  Marine  
  182  13:02  Marine  
  179  13:13  Marine  
  184  13:28  Viking x3, Missile Turret  
  184  13:40  Viking  
  186  13:45  Terran Infantry Weapons Level 3  
  186  13:58  Viking  
  186  14:01  Viking x2  
  192  14:07  Fusion Core  
  186  14:10  Viking  
  179  14:18  Marauder, Marine  
  179  14:20  Marauder  
  180  14:25  Marauder  
  180  14:28  Viking  
  180  14:31  Viking  
  183  14:34  Marine  
  178  14:40  Marauder  
  178  14:41  Command Center  
  180  14:47  Medivac x2  
  184  14:58  Medivac  
  186  15:11  Ghost  
  186  15:15  Command Center, Refinery  
  186  15:16  Refinery  
  186  15:17  Ghost  
  180  15:47  Ghost  
  179  15:55  Command Center, Orbital Command  
  177  15:59  Command Center  
  177  16:17  Marauder, Marine x2  
  177  16:18  Marine x2, Marauder x2  
  187  16:35  Marine x3  
  187  16:38  Ghost  
  187  16:39  Marauder x2  
  189  16:48  Marine  
  189  16:53  Marine  
  191  16:58  Terran Ship Weapons Level 2  
  191  16:59  Starport  
  188  17:05  Ghost  
  185  17:14  Ghost  
  186  17:28  Orbital Command  
  186  17:29  Orbital Command  
  186  17:46  Ghost  
  188  17:53  Planetary Fortress  
  188  18:04  Missile Turret  
  170  18:05  Ghost  
  170  18:09  Ghost  
  164  18:17  Medivac x2  
  167  18:27  Marauder  
  167  18:29  Starport Tech Lab  
  169  18:35  Marauder  
  169  18:39  Missile Turret  
  171  18:44  Marine  
  171  18:46  Missile Turret  
  172  18:50  Raven  
  174  18:56  Marine x2  
  174  18:57  Marauder  
  174  18:59  Marine x2  
  180  19:04  Marauder  
  174  19:15  Marine  
  173  19:21  Medivac  
  163  19:29  Advanced Ballistics  
  159  19:40  Medivac x2  
  159  19:42  Raven  
  171  20:01  Viking  
  171  20:02  Viking  
  171  20:06  Hellbat  
  171  20:12  Marine  
  171  20:13  Marauder, Marine  
  175  20:15  Liberator x2  
  175  20:18  Refinery  
  175  20:19  Starport x2  
  175  20:22  Marauder, Marine x2  
  175  20:23  Marauder  
  181  20:30  Marine x2  
  181  20:33  Viking x2  
  181  20:34  Marauder  
  195  20:39  Marine x2  
  197  20:43  Marauder  
  197  20:48  Marine  
  197  20:49  Marine  
  199  20:50  Marauder  
  199  20:55  Marine  
  198  20:57  Marine x2  
  193  21:14  Liberator  
  193  21:15  Liberator x2  
  193  21:16  Marauder  
  194  21:24  Marine  
  183  21:37  Viking  
  183  21:40  Raven  
  183  21:41  Starport Tech Lab  
  183  21:42  Starport Tech Lab  
  178  22:01  Marauder x2  
  182  22:06  Marauder  
  182  22:07  Viking  
  183  22:12  Marine  
  183  22:14  Viking  
  183  22:20  Marine  
  183  22:22  Marauder x2  
  177  22:33  Marauder, Marine  
  165  22:39  Marine  
  165  22:44  Marauder x2  

Tags
 
Add a new tag
Caveats
  • Supply blocks, unpowered buildings, or Contaminate may cause inaccurate times.
  • Supply counts are checked every 10 seconds.